 Dungeon Crawl Stone Soup version 0.21.1-1-g345015fe64 (webtiles) character file.

755562 Rrauwl the Axe Maniac (level 27, -2/245 HPs)
             Began as a Hill Orc Fighter on Feb 4, 2018.
             Was a High Priest of Okawaru.
             Slain by a balrug
             ... wielding a +0 demon whip of venom
              (14 damage)
             ... in Pandemonium on Feb 5, 2018.
             The game lasted 05:32:02 (66372 turns).

Rrauwl the Axe Maniac (Hill Orc Fighter)           Turns: 66372, Time: 05:32:04

Health: -2/245     AC: 37    Str: 28      XL:     27
Magic:  0/30       EV: 14    Int:  7 (8)  God:    Okawaru [*****.]
Gold:   8179       SH: 29    Dex: 10      Spells: 22/26 levels left

rFire    + + .     SeeInvis .   a - +9 broad axe (chop)
rCold    + + +     Gourm    .   v - +2 large shield {rC+}
rNeg     + + .     Faith    .   d - +9 gold dragon scales
rPois    +         Spirit   +   w - +2 hat of the Bear Spirit {Spirit, +Rage rN+ MR++}
rElec    +         Reflect  .   V - scarf {Spirit}
rCorr    .         Harm     .   T - +0 pair of gloves of Ibledoguz {+Blink rElec Int+4 Stlth+}
MR       +++++     Rnd*Rage +   b - +1 pair of boots Stlth ..........Rnd*Tele +
                                M - amulet of regeneration
HPRegen  0.00/turn              f - ring "Teiriu" {*Contam rF+ rC++ EV+3}
MPRegen  0.22/turn              z - ring of Tame {rC+ rN+ MR+}

@: liquid flames, berserk cooldown, slowed, glowing, very slow
A: claws 1, berserk 1, clumsy 1, cold resistance 1, deformed body, deterioration
1, dopey 2, frail 1, low mp 2, poison resistance, inhibited regeneration,
teleportitis 1, weak 1, no potion heal 1, subdued magic 2, MP-powered wands,
sturdy frame 1
}: 5/15 runes: barnacled, slimy, silver, abyssal, gossamer
a: Heroism, Finesse, Renounce Religion, Evoke Blink, Evoke Berserk Rage


You were in Pandemonium.
You worshipped Okawaru.
Okawaru was extremely pleased with you.
You were not hungry.

You visited 13 branches of the dungeon, and saw 55 of its levels.
You visited Pandemonium 1 time, and saw 5 of its levels.
You visited the Abyss 1 time.
You visited 1 ziggurat, and saw 11 of its levels.
You also visited: Ossuary, Ice Cave, Wizlab and Desolation.

You collected 8933 gold pieces.
You spent 754 gold pieces at shops.

Inventory:

Hand Weapons
 a - a +9 broad axe of chopping (weapon)
 c - a +5 war axe of flaming
Missiles
 U - 5 throwing nets (quivered)
Armour
 b - a +1 pair of boots (worn)
 d - +9 gold dragon scales (worn)
 v - a +2 large shield of cold resistance (worn)
 w - the +2 hat of the Bear Spirit (worn) {Spirit, +Rage rN+ MR++}
   (You found it on level 5 of the Pits of Slime)

   It protects you from negative energy.
   It affects your resistance to hostile enchantments.
   It lets you go berserk.
 T - the +0 pair of gloves of Ibledoguz (worn) {+Blink rElec Int+4 Stlth+}
   (You acquired it on level 2 of the Shoals)

   It affects your intelligence (+4).
   It insulates you from electricity.
   It lets you blink.
   It makes you more stealthy.
 V - a scarf of spirit shield (worn)
Jewellery
 f - the ring "Teiriu" (left hand) {*Contam rF+ rC++ EV+3}
   (You found it on level 3 of the Depths)

   [ring of evasion]

   It affects your evasion (+3).
   It protects you from fire.
   It greatly protects you from cold.
   It causes magical contamination when unequipped.
 j - an uncursed ring of flight
 r - the ring of Xeafel {-Tele rN+ Int+2 Stlth+, unknown}
   (You took it off a torturous demonspawn in Pandemonium)

   [ring of positive energy]

   It affects your intelligence (+2).
   It protects you from negative energy.
   It prevents most forms of teleportation.
   It makes you more stealthy.
 s - the ring of Guynum {rPois Dex+7 Stlth+}
   (You found it on level 5 of the Pits of Slime)

   [ring of poison resistance]

   It affects your dexterity (+7).
   It protects you from poison.
   It makes you more stealthy.
 z - the ring of Tame (right hand) {rC+ rN+ MR+}
   (You took it off a skeletal warrior on level 3 of the Crypt)

   [ring of positive energy]

   It protects you from cold.
   It protects you from negative energy.
   It affects your resistance to hostile enchantments.
 D - a +3 amulet of reflection
 K - the ring "Qamemeh" {rCorr Str+5 Int+2}
   (You took it off a deep elf sorcerer on level 3 of the Elven Halls)

   [ring of resist corrosion]

   It affects your strength (+5).
   It affects your intelligence (+2).
 M - an amulet of regeneration (around neck)
 W - the ring of the Oligarchy {*Corrode rC+ AC+1 Str+7 SInv}
   (You found it on level 3 of the Vaults)

   [ring of protection]

   It affects your AC (+1).
   It affects your strength (+7).
   It protects you from cold.
   It lets you see invisible.
   It may corrode you when you take damage.
Wands
 o - a wand of acid (22)
 C - a wand of disintegration (35)
 H - a wand of iceblast (25)
 I - a wand of scattershot (8)
 Q - a wand of digging (13)
Scrolls
 g - 30 scrolls of teleportation
 h - 13 scrolls of blinking
 i - 8 scrolls of identify
 l - 4 scrolls of fog
 n - a scroll of summoning
 p - a scroll of enchant weapon
 u - 25 scrolls of remove curse
 y - 11 scrolls of magic mapping
 L - a scroll of holy word
 N - a scroll of enchant armour
 R - 9 scrolls of fear
 X - 4 scrolls of silence
Potions
 m - 4 potions of invisibility
 q - 2 potions of agility
 t - 9 potions of curing
 x - 4 potions of resistance
 F - a potion of berserk rage
 G - 2 potions of cancellation
Books
 S - a book of Clouds

   Spells                             Type                      Level
   a - Poisonous Vapours              Poison/Air                   2
   b - Mephitic Cloud                 Conjuration/Poison/Air       3
   c - Conjure Flame                  Conjuration/Fire             3
   d - Freezing Cloud                 Conjuration/Ice/Air          6
   e - Ring of Flames                 Charms/Fire                  7
Miscellaneous
 k - 5 boxes of beasts
 A - 2 phantom mirrors
 B - a lightning rod (4/4)
 E - the horn of Geryon
 O - 4 sacks of spiders
 Y - a lamp of fire
Comestibles
 e - 73 rations
 Z - 3 chunks of flesh


   Skills:
 O Level 27 Fighting
 O Level 27 Axes
 O Level 27 Armour
 - Level 8.0 Dodging
 O Level 27 Shields
 + Level 22.6 Invocations
 - Level 12.0 Evocations


You had 22 spell levels left.
You knew the following spells:

 Your Spells              Type           Power        Failure   Level  Hunger
a - Apportation           Tloc           #.....       86%         1    ##.....
b - Summon Butterflies    Summ           #.......     86%         1    ##.....
c - Blink                 Tloc           N/A          95%         2    ###....


Dungeon Overview and Level Annotations

Branches:
Dungeon (15/15)            Temple (1/1) D:6            Lair (6/6) D:11
 Shoals (4/4) Lair:3       Spider (4/4) Lair:4        Slime (5/5) Lair:6
    Orc (2/2) D:9             Elf (3/3) Orc:2        Vaults (5/5) D:14
  Crypt (3/3) Vaults:2       Tomb (0/3) Crypt:3      Depths (5/5) D:15
   Hell (1/1)                 Dis (0/7) Hell            Geh (0/7) Hell
    Coc (1/7) Hell            Tar (0/7) Hell            Zot (0/5) Depths:5

Altars:
Ashenzari
Cheibriados
Dithmenos
Elyvilon
Fedhas
Gozag
Hepliaklqana
Kikubaaqudgha
Makhleb
Nemelex Xobeh
Okawaru
Qazlal
Ru
Sif Muna
Trog
Uskayaw
Vehumet
Wu Jian
Xom
Yredelemnul
Zin
The Shining One
Beogh

Shops:
D:11 }   D:14 !   Orc:2 }?((   Elf:1 ?   Shoals:1 }   Depths:5 =}

Portals:
Hell: Depths:1 Depths:2 Depths:3 Depths:4 Depths:5
Abyss: Depths:2 Depths:4 Depths:5
Pandemonium: Depths:2 Depths:3 Depths:4
Trove: D:11 (give +7 demon whip)

Annotations:
Spider:3 Mara


Innate Abilities, Weirdness & Mutations

You have sharp fingernails.
You tend to lose your temper in combat.
You are clumsy. (Dex -2)
Your flesh is cold resistant. (rC+)
Armour fits poorly on your strangely shaped body.
Your body sometimes deteriorates upon taking damage.
You are very dopey. (Int -4)
You are frail. (-10% HP)
Your magical capacity is very low. (-20% MP)
Your system is resistant to poisons. (rPois)
You do not regenerate when monsters are visible.
You are occasionally teleported next to monsters.
You are weak. (Str -2)
Potions are less effective at restoring your health.
Your spells are easier to cast, but less powerful.
You expend magic power (3 MP) to strengthen your wands.
Your movements are slightly less encumbered by armour. (ER -2)


Message History

You block the red devil's attack.
A smoke demon comes into view.
You closely miss the balrug.
The balrug is severely wounded.
You slash the sun demon!
You are covered in liquid flames!
* * * LOW HITPOINT WARNING * * *
You feel a little less mighty now. You block the sun demon's attack.
You block the balrug's attack. The red devil closely misses you.
Unknown command.
Unknown command.
You miss the balrug.
The balrug is severely wounded.
You closely miss the sun demon.
You are covered in liquid flames!
* * * LOW HITPOINT WARNING * * *
You block the sun demon's attack.
The balrug hits you with a demon whip of venom!
You die...

.....##)#.#...# #.......##
.4.....)..#...# #####.....
.........#...###########.##.
.........#............##..#.
##2...[)...........))###.#.
#.....##...).)....[...)...
#.....##....)[....######.#
#....)###3........# #..
#.....###@........# ##.
##.###342.........# . #.
#.############ . . ...# . .#
#...# . .# #.#..# .# #.#...#
#.#.#..# ∩# #...#


You could see a balrug, a sun demon, a smoke demon and a red devil.

Vanquished Creatures
  the Royal Jelly (Slime:5)
  6 pandemonium lords
  Khufu (Crypt:3)
  2 ancient liches
  Mennas (Depths:3)
  Sojobo (Depths:1)
  Boris (Depths:3)
  A shard shrike (Zig:9)
  Margery (Vaults:3)
  Saint Roka (Depths:1)
  A caustic shrike (Zig:1)
  A Killer Klown (Zig:7)
  Geryon (Hell)
  4 golden dragons
  Nikola (Shoals:4)
  Jory (Depths:4)
  4 bone dragons
  Arachne (Spider:3)
  A Brimstone Fiend (Pan)
  2 Tzitzimimeh (Pan)
  Jorgrun (Vaults:2)
  5 Ice Fiends
  4 tentacled monstrosities
  10 liches
  4 titans
  2 deep elf blademasters (Elf:3)
  Asterion (Depths:1)
  2 deep elf master archers (Elf:3)
  The ghost of NihilVerum the Brawler, an adept TrHu of Yredelemnul (Elf:3)
  Murray (Hell)
  7 Executioners
  2 quicksilver dragons
  7 sphinxes
  7 ancient champions
  2 tentacled starspawn (Abyss:3)
  21 acid blobs
  A thorn hunter (Zig:10)
  5 storm dragons
  A draconian monk (Depths:5)
  3 shadow dragons
  13 tengu reavers
  Frances (D:13)
  16 azure jellies
  Ilsuiw (Shoals:4)
  2 revenants
  10 fire giants
  6 blood saints (Pan)
  7 iron dragons
  16 vault wardens
  13 frost giants
  An imperial myrmidon (Desolation)
  3 emperor scorpions
  5 ghost moths
  Louise (Spider:3)
  7 warmongers (Pan)
  2 draconian knights
  8 balrugs
  7 deep elf sorcerers
  2 curse skulls
  8 cacodemons
  5 deep elf elementalists
  An angel (Depths:2)
  Aizul (Elf:1)
  3 spriggan defenders (Depths:5)
  6 reapers
  A caustic shrike skeleton (Zig:8)
  7 ghouls
  22 stone giants
  12 ironheart preservers
  4 war gargoyles
  5 entropy weavers
  30 very ugly things
  9 vampire knights
  5 corrupters (Pan)
  Nessos (Lair:4)
  7 deep elf demonologists
  2 lorocyprocas
  Azrael (Spider:1)
  6 black suns (Pan)
  9 deep elf annihilators
  3 red draconians
  12 purple draconians
  A dire elephant (Depths:2)
  Snorg (D:11)
  2 halazid warlocks (Desolation)
  A yellow draconian (Depths:5)
  5 merfolk javelineers
  9 statues (WizLab)
  7 spark wasps
  9 merfolk impalers
  11 ettins
  4 green deaths (Pan)
  9 deep elf death magi
  3 eidola
  8 death oozes
  6 deep elf high priests
  2 crystal guardians (Desolation)
  12 jiangshi
  7 blizzard demons (Pan)
  A quicksilver dragon zombie (Crypt:2)
  12 fire dragons
  12 ragged hierophants (Desolation)
  8 hydras
  2 quicksilver dragon skeletons (Crypt:3)
  9 servants of whispers (Desolation)
  9 great orbs of eyes
  17 yaktaur captains
  17 ice dragons
  6 catoblepae
  2 spriggan air magi
  5 monstrous demonspawn (Pan)
  35 vault guards
  3 hell beasts
  5 rakshasas
  2 alligators (Zig:10)
  9 centaur warriors
  3 merfolk avatars
  Erica (D:9)
  48 two-headed ogres
  4 peacekeepers (Desolation)
  3 satyrs
  4 death knights
  25 dancing weapons
  4 alligator snapping turtles
  5 tengu warriors
  12 vampire magi
  5 death yaks (Lair:6)
  3 deep troll earth magi
  2 merfolk aquamancers
  19 ogre magi
  3 deep troll shamans
  A shock serpent (Zig:3)
  4 orc high priests (Orc:2)
  A titan zombie (Crypt:2)
  8 hell hogs (Hell)
  24 soul eaters
  11 thrashing horrors
  23 deep elf knights
  12 small abominations
  7 spriggan berserkers
  5 wretched stars (Abyss:3)
  26 sun demons
  3 titan skeletons
  2 storm dragon zombies
  7 sixfirhies
  50 skeletal warriors
  2 fire crabs (shapeshifter)
  12 sea snakes
  2 spatial maelstroms (Abyss:3)
  2 deep trolls (shapeshifter)
  An iron troll (Depths:1)
  A spark wasp zombie (Crypt:2)
  An entropy weaver zombie (Crypt:2)
  14 hell knights
  9 shadow wraiths
  A glowing orange brain (shapeshifter) (Depths:3)
  2 anaconda zombies
  A shambling mangrove (Zig:10)
  10 flayed ghosts
  An unseen horror (shapeshifter) (Depths:5)
  5 shadow demons
  4 unseen horrors
  7 wizards
  2 spriggan druids (Depths:2)
  7 gelid demonspawn
  15 deep trolls
  A death drake (Abyss:5)
  5 glowing orange brains
  8 torturous demonspawn (Pan)
  15 phantasmal warriors
  A swamp dragon (Zig:10)
  A golden dragon skeleton (Crypt:3)
  20 ironbrand convokers
  A shadow dragon zombie (Hell)
  10 infernal demonspawn
  17 orc knights
  An obsidian statue (D:14)
  15 deep elf archers
  2 anaconda skeletons
  3 lindwurms (Depths:2)
  An orange crystal statue (D:14)
  28 harpies
  18 orb spiders
  9 necromancers
  2 stone giant zombies
  31 wolf spiders
  3 frost giant zombies
  11 cyclopes
  7 orc sorcerers
  2 shadow dragon skeletons
  4 shining eyes
  79 deep elf magi
  A manticore (shapeshifter) (D:15)
  44 ugly things
  22 manticores
  13 fauns
  15 merfolk sirens
  2 moths of wrath (shapeshifter) (D:15)
  2 fauns (shapeshifter) (Vaults:5)
  2 iron dragon skeletons
  A shining eye (shapeshifter) (Elf:1)
  A salamander (Zig:3)
  6 rust devils
  4 stone giant skeletons
  4 black mambas
  Psyche (D:11)
  A naga mage (Zig:3)
  Maurice (Orc:1)
  An elephant (shapeshifter) (Vaults:5)
  2 moths of wrath
  3 gargoyles
  An elf zombie (Zig:8)
  3 guardian serpents
  A dire elephant zombie (Hell)
  A shock serpent zombie (Crypt:2)
  2 apocalypse crabs
  A frost giant skeleton (Crypt:3)
  7 water nymphs
  2 eyes of devastation
  2 torpor snails
  2 ice statues
  11 orange demons
  A spriggan zombie (Hell)
  31 smoke demons
  16 hellions
  14 vault sentinels
  A fire giant skeleton (Crypt:3)
  3 efreet
  2 rime drakes (shapeshifter)
  2 dire elephant skeletons (Crypt:3)
  10 spiny frogs
  A yaktaur zombie (Hell)
  6 komodo dragons
  62 yaktaurs
  4 anaconda simulacra (IceCv)
  2 rime drakes
  A komodo dragon (shapeshifter) (Depths:5)
  22 demonic crawlers
  7 hellwings (Pan)
  11 freezing wraiths
  3 tengu conjurers
  2 golden dragon simulacra (IceCv)
  15 ice devils
  A catoblepas skeleton (Hell)
  14 red devils
  25 merfolk
  A shadow dragon simulacrum (Hell)
  37 jumping spiders
  A moth of wrath zombie (Crypt:2)
  A harpy zombie (Crypt:3)
  A hydra zombie (Crypt:3)
  A meliai (D:11)
  4 trolls
  3 ancient zymes (Abyss:3)
  6 wind drakes
  A polar bear (shapeshifter) (Vaults:4)
  A tyrant leech (Zig:10)
  The ghost of Jannitor the Ducker, a novice FeTm of Makhleb (D:7)
  65 saltlings (Desolation)
  22 hornets
  A meliai zombie (Crypt:1)
  19 raiju (Abyss:3)
  The ghost of hofbold the Caller, an amateur MfSu (D:5)
  A hornet (shapeshifter) (D:15)
  6 hydra skeletons
  2 blink frogs (shapeshifter)
  A tengu simulacrum (Vaults:4)
  2 ettin zombies (Hell)
  An alligator zombie (Crypt:2)
  99 slime creatures
  A hippogriff (shapeshifter) (Vaults:5)
  14 hippogriffs
  4 bog bodies (Crypt:1)
  10 snapping turtles
  2 stone giant simulacra
  23 blink frogs
  2 fire dragon zombies (Hell)
  12 air elementals
  71 redbacks
  13 shadows
  2 vampires
  30 ynoxinuls
  16 flying skulls
  3 centaur simulacra
  An ettin skeleton (Crypt:3)
  4 ice dragon skeletons
  A tarantella (shapeshifter) (Vaults:3)
  34 tarantellas
  11 wraiths
  A shock serpent simulacrum (Crypt:2)
  5 spriggans
  17 fire elementals
  A fire dragon skeleton (Crypt:3)
  2 dire elephant simulacra (IceCv)
  6 basilisks
  13 water elementals
  58 yaks
  An alligator skeleton (Hell)
  A hog (D:13)
  14 starcursed masses (Abyss:3)
  3 wyverns
  3 basilisks (shapeshifter)
  2 humans (shapeshifter)
  A black mamba skeleton (Crypt:3)
  8 fire bats (Abyss:3)
  A human (D:13)
  15 neqoxecs
  7 golden eyes
  20 chaos spawn
  A human simulacrum (Vaults:4)
  11 vampire mosquitoes
  The ghost of garbagetei the Poker, an amateur DsSk (D:3)
  A steam dragon (Lair:4)
  2 tengu zombies (Hell)
  2 hungry ghosts (D:12)
  A soldier ant (shapeshifter) (Vaults:2)
  2 deep troll zombies
  A glowing shapeshifter zombie (Crypt:1)
  3 iron troll simulacra (IceCv)
  A monstrous demonspawn zombie (Crypt:3)
  2 acid dragons
  7 insubstantial wisps
  2 harpy simulacra (IceCv)
  2 hydra simulacra (IceCv)
  2 soldier ants
  5 wargs
  31 large abominations
  18 hell hounds
  A monstrous demonspawn skeleton (Crypt:1)
  14 water moccasins
  A floating eye (Depths:3)
  11 porcupines
  44 orc warriors
  2 sky beasts
  2 spiny frog skeletons (Hell)
  3 spiny frog zombies
  5 ettin simulacra
  4 phantoms
  3 black bears
  9 eyes of draining
  An eye of draining (shapeshifter) (Vaults:4)
  3 swamp drakes (Zig:10)
  2 necrophages
  5 ice beasts
  12 wolves
  53 ogres
  A manticore skeleton (Crypt:3)
  20 boggarts
  7 crocodiles
  A dream sheep skeleton (Crypt:3)
  23 centaurs
  A centaur (shapeshifter) (Abyss:3)
  A big kobold (shapeshifter) (Vaults:2)
  3 snapping turtle skeletons
  2 big kobolds
  25 bullfrogs
  A wyvern zombie (D:11)
  A water moccasin zombie (D:8)
  An earth elemental (Elf:2)
  A wyvern skeleton (D:11)
  A water moccasin skeleton (Crypt:3)
  9 killer bees
  13 scorpions
  A polar bear zombie (Crypt:3)
  An elf simulacrum (Vaults:3)
  A raiju zombie (Crypt:2)
  14 wights
  2 electric eels (Lair:3)
  4 howler monkeys
  6 centaur zombies
  2 quasits
  A bullfrog zombie (D:5)
  11 crimson imps
  5 human zombies
  20 orc priests
  3 hounds
  A draconian simulacrum (IceCv)
  3 jellies
  7 centaur skeletons
  12 human skeletons (Vaults:4)
  3 bullfrog skeletons
  3 iron imps
  4 iguanas
  Natasha (thrice) (D:3)
  22 orc wizards
  A polar bear simulacrum (IceCv)
  4 spriggan simulacra (IceCv)
  8 worker ants
  A troll simulacrum (IceCv)
  2 wolf simulacra (IceCv)
  A felid zombie (Crypt:3)
  A sky beast zombie (Crypt:1)
  A big kobold zombie (Ossuary)
  A tengu skeleton (Crypt:3)
  A hound skeleton (D:11)
  7 mummies
  A worker ant zombie (D:10)
  Robin (D:3)
  4 gnolls (D:6)
  3 naga simulacra (IceCv)
  10 adders
  4 scorpion zombies
  An ogre simulacrum (IceCv)
  4 shadow imps
  10 white imps
  11 ufetubi
  9 oozes
  An adder skeleton (D:2)
  3 worms
  A dart slug (D:1)
  3 leopard geckos
  117 orcs
  5 giant cockroaches
  A gnoll zombie (Ossuary)
  19 goblins
  16 hobgoblins
  7 jackals
  14 kobolds
  5 quokkas
  9 bats
  A frilled lizard (D:1)
  A frilled lizard zombie (Crypt:2)
  2 giant cockroach zombies
  2 goblin zombies (Ossuary)
  4 hobgoblin zombies (Ossuary)
  A jackal skeleton (Crypt:1)
  A kobold skeleton (Crypt:3)
  2 kobold zombies (Ossuary)
  A leopard gecko skeleton (Crypt:3)
  2 orc zombies
  A quokka skeleton (D:4)
  A quokka zombie (D:7)
  3 rats (D:1)
  A rat zombie (D:6)
  A block of ice (Pan)
  2 bushes (Depths:2)
  2 crawling corpses (Elf:3)
  7 fungi
  11 plants
  A starspawn tentacle (Abyss:3)
3341 creatures vanquished.

Vanquished Creatures (others)
  A tengu reaver (Vaults:5)
  A deep elf elementalist (Elf:3)
  A yaktaur captain (Vaults:5)
  A hell hog (Hell)
  A gelid demonspawn (Pan)
  A deep elf archer (Elf:3)
  A deep elf mage (WizLab)
  A merfolk (Shoals:4)
  2 jumping spiders
  A ynoxinul (Pan)
  A chaos spawn (Pan)
  A boggart (Vaults:1)
  A human (D:6)
  A small abomination (Abyss:3)
  A crawling corpse (Elf:3)
  2 fire vortices (Abyss:3)
  53 fungi
  26 plants
  3 starspawn tentacles (Abyss:3)
100 creatures vanquished.

Grand Total: 3441 creatures vanquished

Notes
Turn   | Place    | Note
-------+----------+-------------------------------------------
     0 | D:1      | Rrauwl the Hill Orc Fighter began the quest for the Orb.
     0 | D:1      | Reached XP level 1. HP: 19/19 MP: 1/1
    51 | D:1      | Reached XP level 2. HP: 16/27 MP: 2/2
   572 | D:1      | Reached XP level 3. HP: 32/33 MP: 3/3
   912 | D:2      | Reached skill level 1 in Dodging
  1045 | D:2      | Reached XP level 4. HP: 40/40 MP: 4/4
  1437 | D:3      | Found a hazy altar of Hepliaklqana.
  1460 | D:3      | Noticed Natasha
  1465 | D:3      | Killed Natasha
  1476 | D:3      | Noticed garbagetei's ghost (amateur DsSk)
  1492 | D:3      | Killed garbagetei's ghost
  1492 | D:3      | Reached XP level 5. HP: 27/47 MP: 5/5
  1492 | D:3      | Reached XP level 6. HP: 30/53 MP: 6/6
  1530 | D:3      | Noticed Natasha
  1540 | D:3      | Killed Natasha
  1610 | D:3      | Reached skill level 5 in Fighting
  1819 | D:3      | Noticed Natasha
  1823 | D:3      | Killed Natasha
  1927 | D:3      | Noticed Robin
  1939 | D:3      | Killed Robin
  2338 | D:4      | Reached XP level 7. HP: 56/61 MP: 7/7
  2600 | D:4      | Found an opulent altar of Gozag.
  2607 | D:4      | Reached skill level 5 in Axes
  2836 | D:5      | Entered Level 5 of the Dungeon
  2836 | D:5      | Found an iron altar of Okawaru.
  2854 | D:5      | Reached skill level 5 in Armour
  2860 | D:5      | Became a worshipper of Warmaster Okawaru
  3037 | D:5      | Noticed hofbold's ghost (amateur MfSu)
  3046 | D:5      | Reached skill level 5 in Shields
  3066 | D:5      | Killed hofbold's ghost
  3113 | D:5      | Reached * piety under Okawaru
  3169 | D:5      | You fall through a shaft for 2 floors!
  3193 | D:7      | Reached XP level 8. HP: 62/70 MP: 8/8
  3197 | D:7      | Noticed a hippogriff
  3205 | D:7      | Killed a hippogriff
  3533 | D:7      | Reached ** piety under Okawaru
  3545 | D:7      | Noticed Jannitor's ghost (novice FeTm)
  3558 | D:7      | Killed Jannitor's ghost
  3558 | D:7      | Reached skill level 10 in Axes
  3580 | D:7      | Gained mutation: You tend to lose your temper in combat. [potion of mutation]
  3580 | D:7      | Gained mutation: You expend magic power (3 MP) to strengthen your wands. [potion of mutation]
  3580 | D:7      | Gained mutation: You are clumsy. (Dex -2) [potion of mutation]
  3580 | D:7      | Gained mutation: You are resistant to hostile enchantments. (MR+) [potion of mutation]
  3587 | D:7      | Found a sand-covered staircase.
  3596 | Ossuary  | Entered an ossuary
  3636 | Ossuary  | Reached XP level 9. HP: 40/75 MP: 9/9
  4185 | Ossuary  | Reached *** piety under Okawaru
  5163 | D:5      | Found the +7 Kryia's mail coat {PotionHeal*2 rC+}
  5312 | D:6      | Found a staircase to the Ecumenical Temple.
  5320 | Temple   | Entered the Ecumenical Temple
  5613 | D:6      | Found an ancient bone altar of Kikubaaqudgha.
  5704 | D:6      | Found an ancient bone altar of Kikubaaqudgha.
  5823 | D:6      | Found a burning altar of Makhleb.
  6209 | D:7      | Found a hide-covered altar of Uskayaw.
  6209 | D:7      | Noticed a dagger
  6209 | D:7      | Noticed a hand axe
  6685 | D:8      | Found a radiant altar of Vehumet.
  7076 | D:8      | Found a snail-covered altar of Cheibriados.
  7274 | D:9      | Reached **** piety under Okawaru
  7508 | D:9      | Reached XP level 10. HP: 67/83 MP: 10/10
  7549 | D:9      | Noticed Erica
  7565 | D:9      | Killed Erica
  7565 | D:9      | Reached skill level 15 in Axes
  7736 | D:9      | Noticed a two-headed ogre
  7749 | D:9      | Killed a two-headed ogre
  7749 | D:9      | Reached ***** piety under Okawaru
  7927 | D:9      | Found a stormy altar of Qazlal.
  7946 | D:9      | Found a staircase to the Orcish Mines.
  8341 | D:9      | Noticed a two-headed ogre
  8351 | D:9      | Killed a two-headed ogre
  8714 | D:10     | Entered Level 10 of the Dungeon
  8838 | D:10     | Noticed a gargoyle
  8853 | D:10     | Killed a gargoyle
  8964 | D:10     | Reached XP level 11. HP: 89/89 MP: 11/11
  9240 | D:10     | Lost mutation: You are clumsy. (Dex -2) [potion of mutation]
  9240 | D:10     | Lost mutation: You expend magic power (3 MP) to strengthen your wands. [potion of mutation]
  9240 | D:10     | Lost mutation: You tend to lose your temper in combat. [potion of mutation]
  9240 | D:10     | Gained mutation: You have a pair of small horns on your head. [potion of mutation]
  9240 | D:10     | Gained mutation: You do not regenerate when monsters are visible. [potion of mutation]
  9240 | D:10     | Gained mutation: You have large cloven feet. [potion of mutation]
  9661 | D:11     | Found Ygaovam's Gadget Shop.
  9692 | D:11     | Noticed Snorg
  9715 | D:11     | Killed Snorg
  9748 | D:11     | Killed an unseen horror
  9748 | D:11     | Received a gift from Okawaru
  9760 | D:11     | Noticed a green ugly thing
  9764 | D:11     | Killed a green ugly thing
  9969 | D:11     | Reached skill level 1 in Invocations
 10013 | D:11     | Noticed a two-headed ogre
 10026 | D:11     | Killed a two-headed ogre
 10072 | D:11     | Reached skill level 10 in Fighting
 10105 | D:11     | Received a gift from Okawaru
 10107 | D:11     | Reached skill level 5 in Invocations
 10129 | D:11     | Noticed a purple ugly thing
 10160 | D:11     | Noticed Psyche
 10167 | D:11     | Noticed a cyclops
 10175 | D:11     | Killed a cyclops
 10184 | D:11     | Killed a purple ugly thing
 10342 | D:11     | Reached XP level 12. HP: 8/108 MP: 16/16
 10755 | D:11     | Found a staircase to the Lair.
 10781 | D:11     | Killed Psyche
 11022 | D:11     | Identified the Collected Works on the Feathery Traveller
 11026 | D:11     | Learned a level 1 spell: Apportation
 11222 | D:11     | Noticed a vault guard
 11237 | D:11     | Killed a vault guard
 11237 | D:11     | Reached ****** piety under Okawaru
 11259 | D:11     | Found a portal to a secret trove of treasure.
 11373 | Lair:1   | Entered Level 1 of the Lair of Beasts
 11541 | Lair:1   | Received a gift from Okawaru
 12519 | Lair:2   | Learned a level 1 spell: Summon Butterflies
 13003 | Lair:2   | Lost mutation: You do not regenerate when monsters are visible. [potion of mutation]
 13003 | Lair:2   | Lost mutation: You have a pair of small horns on your head. [potion of mutation]
 13003 | Lair:2   | Gained mutation: You do not regenerate when monsters are visible. [potion of mutation]
 13003 | Lair:2   | Gained mutation: You are weak. (Str -2) [potion of mutation]
 13003 | Lair:2   | Gained mutation: You have a pair of small horns on your head. [potion of mutation]
 13003 | Lair:2   | Gained mutation: Your system is resistant to poisons. (rPois) [potion of mutation]
 13289 | Lair:3   | Reached skill level 10 in Invocations
 13875 | Lair:3   | Found a staircase to the Shoals.
 14299 | Lair:4   | Reached XP level 13. HP: 112/118 MP: 20/20
 14326 | Lair:4   | Noticed Nessos
 14337 | Lair:4   | Killed Nessos
 14576 | Lair:4   | Reached skill level 5 in Dodging
 14795 | Lair:4   | Found a hole to the Spider Nest.
 15572 | Lair:5   | Received a gift from Okawaru
 15575 | Lair:5   | Got a crude scale mail {god gift}
 15576 | Lair:5   | Identified the +2 scale mail "Cufibb" {rC+ SInv} (Okawaru gifted it to you on level 5 of the Lair of Beasts)
 16394 | Lair:6   | Entered Level 6 of the Lair of Beasts
 16456 | Lair:6   | Found a staircase to the Slime Pits.
 16503 | Lair:6   | Reached skill level 10 in Armour
 16508 | Lair:6   | Reached skill level 10 in Shields
 16517 | Lair:6   | Lost mutation: You are resistant to hostile enchantments. (MR+) [potion of mutation]
 16517 | Lair:6   | Lost mutation: You are weak. (Str -2) [potion of mutation]
 16517 | Lair:6   | Lost mutation: Your system is resistant to poisons. (rPois) [potion of mutation]
 16517 | Lair:6   | Lost mutation: You have large cloven feet. [potion of mutation]
 16517 | Lair:6   | Gained mutation: You possess an exceptional clarity of mind. [potion of mutation]
 16517 | Lair:6   | Gained mutation: You evolve. [potion of mutation]
 16945 | Lair:6   | Reached XP level 14. HP: 125/127 MP: 20/22
 16980 | Lair:6   | Received a gift from Okawaru
 17231 | Lair:6   | Found the ring of the Octopus King
 17251 | Lair:6   | Got a ring of the Octopus King
 17256 | Lair:6   | Identified a ring of the Octopus King {rF+ AC+1 EV+1 Str+1 Int+1 Dex+1} (You found it on level 6 of the Lair of Beasts)
 18159 | D:12     | Received a gift from Okawaru
 18383 | D:12     | Learned a level 2 spell: Blink
 18653 | D:12     | Reached skill level 1 in Evocations
 18856 | D:13     | Noticed Frances
 18870 | D:13     | Killed Frances
 19017 | D:13     | Gained mutation: Your spells are a little easier to cast, but a little less powerful. [evolution]
 19113 | D:13     | Identified a scroll of acquirement
 19114 | D:13     | Got a slimy buckler
 19115 | D:13     | Identified the +0 buckler of Exclusion {rF- rN++ Dex+7} (You acquired it on level 13 of the Dungeon)
 19900 | D:14     | Found a gate to the Vaults.
 19912 | D:14     | Received a gift from Okawaru
 19912 | D:14     | Reached XP level 15. HP: 121/138 MP: 24/24
 19988 | D:14     | Found Hinul's Distillery.
 19996 | D:14     | Bought a potion of ambrosia for 144 gold pieces
 19996 | D:14     | Bought a potion of heal wounds for 90 gold pieces
 20232 | D:15     | Entered Level 15 of the Dungeon
 20240 | D:15     | Found an ornate altar of the Wu Jian Council.
 20718 | D:15     | Found a shadowy altar of Dithmenos.
 20735 | D:15     | Received a gift from Okawaru
 20891 | D:15     | Gained mutation: You are weak. (Str -2) [a shining eye]
 20982 | D:15     | Found a staircase to the Depths.
 21187 | Shoals:1 | Entered Level 1 of the Shoals
 21188 | Shoals:1 | Found a frozen archway.
 21195 | IceCv    | Entered an ice cave
 21913 | IceCv    | Noticed an Ice Fiend
 21928 | IceCv    | Killed an Ice Fiend
 21958 | IceCv    | Gained mutation: You are robust. (+10% HP) [evolution]
 22113 | IceCv    | Identified the +10 war axe of Inquiry {chop, Dex+4} (You found it in an ice cave)
 22691 | Shoals:1 | Found Tutyom's Gadget Shoppe.
 22922 | Shoals:2 | Got a pair of slimy gloves
 22933 | Shoals:2 | Identified the +0 pair of gloves of Ibledoguz {+Blink rElec Int+4 Stlth+} (You acquired it on level 2 of the Shoals)
 22956 | Shoals:2 | Received a gift from Okawaru
 22956 | Shoals:2 | Reached XP level 16. HP: 148/160 MP: 20/25
 24539 | Shoals:4 | Entered Level 4 of the Shoals
 24563 | Shoals:4 | Reached skill level 5 in Evocations
 24879 | Shoals:4 | Reached skill level 15 in Fighting
 25093 | Shoals:4 | Received a gift from Okawaru
 25124 | Shoals:4 | Noticed Nikola
 25140 | Shoals:4 | Killed Nikola
 25479 | Shoals:4 | Received a gift from Okawaru
 25708 | Shoals:4 | Reached XP level 17. HP: 139/171 MP: 22/26
 25959 | Shoals:4 | Identified the Reference Book on Flamy Contamination
 25999 | Shoals:4 | Got a barnacled rune of Zot
 26042 | Shoals:4 | Noticed Ilsuiw
 26287 | Shoals:4 | Killed Ilsuiw
 27042 | Depths:1 | Entered Level 1 of the Depths
 27042 | Depths:1 | Noticed Asterion
 27054 | Depths:1 | Killed Asterion
 27128 | Depths:1 | Found a gateway to Hell.
 27140 | Depths:1 | Received a gift from Okawaru
 27146 | Depths:1 | Identified the +9 plate armour "Etelen" {-Tele +Inv Int+5 Dex+4} (Okawaru gifted it to you on level 1 of the Depths)
 27170 | Depths:1 | Noticed Sojobo
 27202 | Depths:1 | Killed Sojobo
 27433 | Depths:1 | Noticed a sphinx
 27449 | Depths:1 | Killed a sphinx
 27497 | Depths:1 | Noticed a sphinx
 27500 | Depths:1 | Noticed a sphinx
 27521 | Depths:1 | Killed a sphinx
 27521 | Depths:1 | Received a gift from Okawaru
 27541 | Depths:1 | Killed a sphinx
 27763 | Depths:1 | Noticed Saint Roka
 27778 | Depths:1 | Reached XP level 18. HP: 164/179 MP: 19/28
 27784 | Depths:1 | Killed Saint Roka
 27914 | Depths:1 | Found a runed door.
 28666 | Orc:1    | Entered Level 1 of the Orcish Mines
 28689 | Orc:1    | Noticed Maurice
 28696 | Orc:1    | Received a gift from Okawaru
 28700 | Orc:1    | Killed Maurice
 28709 | Orc:1    | Identified the +4 war axe "Anohue" {chop, rC+} (Okawaru gifted it to you on level 1 of the Orcish Mines)
 28940 | Orc:2    | Entered Level 2 of the Orcish Mines
 29095 | Orc:2    | Found a staircase to the Elven Halls.
 29269 | Orc:2    | Found Sorauss's Antique Weapon Emporium.
 29269 | Orc:2    | Found Zouz's Weapon Shop.
 29370 | Orc:2    | Found Wymia's Gadget Emporium.
 29370 | Orc:2    | Found Xateasch's Magic Scroll Shop.
 29379 | Orc:2    | Bought a scroll of blinking for 127 gold pieces
 29749 | Orc:1    | Found a roughly hewn altar of Beogh.
 29908 | Elf:1    | Entered Level 1 of the Elven Halls
 29930 | Elf:1    | Found Atzufogh's Magic Scroll Boutique.
 29937 | Elf:1    | Bought a scroll of silence for 127 gold pieces
 29937 | Elf:1    | Bought a scroll of blinking for 127 gold pieces
 29937 | Elf:1    | Bought a scroll of identify for 34 gold pieces
 29937 | Elf:1    | Bought a scroll of teleportation for 51 gold pieces
 29973 | Elf:1    | Found a ruined gateway.
 29995 | Desolati | Entered the Desolation of Salt
 30205 | Desolati | Identified Nypryzael's Tome of Flamy Execration
 30490 | Desolati | Reached skill level 15 in Invocations
 30497 | Desolati | Received a gift from Okawaru
 30638 | Desolati | Reached skill level 10 in Evocations
 30784 | Desolati | Reached XP level 19. HP: 175/187 MP: 30/30
 30897 | Desolati | Got a heavily runed bronze ring
 30898 | Desolati | Identified the ring "Igih" {rF+ Int+6 Dex-4} (You found it in the Desolation of Salt)
 31020 | Desolati | Found the +3 robe of Folly {Archmagi, MR-- Int+5}
 31033 | Desolati | Reached skill level 15 in Shields
 31036 | Desolati | Reached skill level 15 in Armour
 31052 | Desolati | Identified the Almanac of Ensnaring Transmigration
 31470 | Elf:1    | Gained mutation: You expend magic power (3 MP) to strengthen your wands. [a shining eye]
 31471 | Elf:1    | Gained mutation: Scrolls take you a little longer to read. [a shining eye]
 31612 | Elf:1    | Identified the Papyrus of Confrontation
 31656 | Elf:1    | Noticed Aizul
 31667 | Elf:1    | Killed Aizul
 32426 | Elf:2    | Received a gift from Okawaru
 32704 | Elf:2    | Found a huge runed gate.
 32706 | Elf:2    | Found a huge runed gate.
 32706 | Elf:2    | Found a huge runed gate.
 32707 | Elf:2    | Found a huge runed gate.
 32707 | Elf:2    | Found a huge runed gate.
 33336 | Elf:3    | Entered Level 3 of the Elven Halls
 33356 | Elf:3    | Noticed NihilVerum's ghost (adept TrHu)
 33388 | Elf:3    | Killed NihilVerum's ghost
 33612 | Elf:3    | Received a gift from Okawaru
 33620 | Elf:3    | Reached XP level 20. HP: 170/210 MP: 26/31
 33840 | Elf:3    | Lost mutation: You are weak. (Str -2) [evolution]
 34068 | Elf:3    | Received a gift from Okawaru
 34380 | Elf:3    | Got a slimy pewter ring
 34389 | Elf:3    | Identified the ring "Qamemeh" {rCorr Str+5 Int+2} (You took it off a deep elf sorcerer on level 3 of the Elven Halls)
 34394 | Elf:3    | Identified the ring "Lahih" {*Tele Str+4 Dex+7} (You took it off a deep elf annihilator on level 3 of the Elven Halls)
 34457 | Elf:3    | Got a glittering ivory ring
 34461 | Elf:3    | Identified the ring of Hafolot {*Corrode rElec rF- MP+9 Dex+6} (You took it off a deep elf death mage on level 3 of the Elven Halls)
 34503 | Elf:3    | Identified the +9 pearl dragon scales of Xeneat {rN+ MR+ Dex+5} (You found it on level 3 of the Elven Halls)
 34528 | Elf:3    | Lost mutation: Scrolls take you a little longer to read. [potion of mutation]
 34528 | Elf:3    | Lost mutation: You are robust. (+10% HP) [potion of mutation]
 34528 | Elf:3    | Lost mutation: You have a pair of small horns on your head. [potion of mutation]
 34528 | Elf:3    | Lost mutation: You do not regenerate when monsters are visible. [potion of mutation]
 34528 | Elf:3    | Lost mutation: You possess an exceptional clarity of mind. [potion of mutation]
 34528 | Elf:3    | Gained mutation: You passively map a small area around you. [potion of mutation]
 35406 | Spider:1 | Entered Level 1 of the Spider Nest
 35482 | Spider:1 | Noticed Azrael
 35500 | Spider:1 | Killed Azrael
 36690 | Spider:1 | Received a gift from Okawaru
 37200 | Spider:3 | Noticed Louise
 37244 | Spider:3 | Killed Louise
 37312 | Spider:3 | Reached XP level 21. HP: 203/211 MP: 29/32
 37634 | Spider:3 | Noticed Arachne
 37646 | Spider:3 | Killed Arachne
 37648 | Spider:3 | Noticed Mara
 37670 | Spider:4 | Entered Level 4 of the Spider Nest
 38222 | Spider:4 | Received a gift from Okawaru
 38438 | Spider:4 | Got a gossamer rune of Zot
 38840 | Vaults:1 | Entered Level 1 of the Vaults
 39424 | Vaults:1 | You fall through a shaft!
 40099 | Vaults:1 | Reached XP level 22. HP: 228/228 MP: 33/33
 40520 | Vaults:2 | Received a gift from Okawaru
 40766 | Vaults:2 | Noticed Jorgrun
 40775 | Vaults:2 | Killed Jorgrun
 41208 | Vaults:2 | Received a gift from Okawaru
 41530 | Vaults:2 | Found a staircase to the Crypt.
 41939 | Vaults:3 | Got a pitted granite ring
 41997 | Vaults:3 | Noticed Margery
 42009 | Vaults:3 | Killed Margery
 42080 | Vaults:3 | Reached XP level 23. HP: 231/236 MP: 34/34
 42619 | Vaults:3 | Identified the ring of the Oligarchy {*Corrode rC+ AC+1 Str+7 SInv} (You found it on level 3 of the Vaults)
 42620 | Vaults:3 | Identified the +1 pair of boots of Pal Qel {*Corrode +Inv Str+3 Dex+2} (You found it on level 3 of the Vaults)
 42818 | Vaults:4 | Received a gift from Okawaru
 42996 | Vaults:4 | Received a gift from Okawaru
 43971 | Vaults:5 | Entered Level 5 of the Vaults
 43976 | Vaults:5 | Received a gift from Okawaru
 43978 | Vaults:5 | Reached skill level 27 in Axes
 44138 | Vaults:5 | Reached skill level 27 in Fighting
 44211 | Vaults:5 | Reached XP level 24. HP: 60/249 MP: 11/34
 44474 | Vaults:5 | Noticed an ancient lich
 44485 | Vaults:5 | Killed an ancient lich
 44485 | Vaults:5 | Received a gift from Okawaru
 44625 | Vaults:5 | Identified the Incunabulum of Transmutation and Displacement
 44894 | Vaults:5 | Identified the Catalogue of the Compass and Combat Magic
 45117 | Vaults:5 | Received a gift from Okawaru
 45446 | Vaults:5 | Got a shimmering lead ring
 45584 | Vaults:5 | Received a gift from Okawaru
 45698 | Vaults:5 | Lost mutation: You evolve. [potion of mutation]
 45698 | Vaults:5 | Lost mutation: You passively map a small area around you. [potion of mutation]
 45698 | Vaults:5 | Lost mutation: Your spells are a little easier to cast, but a little less powerful. [potion of mutation]
 45698 | Vaults:5 | Gained mutation: Your magical capacity is low. (-10% MP) [potion of mutation]
 45698 | Vaults:5 | Gained mutation: Your movements are slightly less encumbered by armour. (ER -2) [potion of mutation]
 45702 | Vaults:5 | Got a silver rune of Zot
 45815 | Vaults:5 | Identified the ring "Uhil" {Fire rElec Str-4 Slay+5 Stlth+} (You found it on level 5 of the Vaults)
 45830 | Vaults:5 | Identified the Collected Works on the Blaze and Companions
 46305 | Vaults:5 | Reached XP level 25. HP: 149/257 MP: 19/30
 47160 | Depths:2 | Received a gift from Okawaru
 47179 | Depths:2 | Identified the +3 helmet of Wieczumn {rPois rC+ MR++ Slay-5} (Okawaru gifted it to you on level 2 of the Depths)
 47206 | Depths:2 | Found a one-way gate to the infinite horrors of the Abyss.
 47435 | Depths:2 | Found a gateway to a ziggurat.
 47890 | Depths:2 | Found a one-way gate leading to the halls of Pandemonium.
 48205 | Depths:3 | Cast into level 2 of the Abyss (hell knight)
 48234 | Abyss:3  | Found a corrupted altar of Lugonu.
 48948 | Abyss:3  | Received a gift from Okawaru
 48955 | Abyss:3  | Paralysed by accursed screaming for 1 turns
 48960 | Abyss:3  | Got an abyssal rune of Zot
 48962 | Abyss:3  | Paralysed by accursed screaming for 2 turns
 48980 | Abyss:3  | Paralysed by accursed screaming for 1 turns
 49114 | Abyss:3  | Gained mutation: Armour fits poorly on your strangely shaped body. [a neqoxec]
 49259 | Abyss:4  | Found a corrupted altar of Lugonu.
 49267 | Abyss:5  | Entered Level 5 of the Abyss
 49299 | Abyss:5  | Reached XP level 26. HP: 223/266 MP: 28/30
 49359 | Abyss:5  | Found a hide-covered altar of Uskayaw.
 49359 | Abyss:5  | Gained mutation: You are frail. (-10% HP) [a neqoxec]
 49362 | Abyss:5  | Gained mutation: Your body sometimes deteriorates upon taking damage. [a neqoxec]
 49407 | Depths:3 | Escaped the Abyss
 49491 | Zig:1    | Entered Level 1 of a ziggurat
 49520 | Zig:2    | Entered Level 2 of a ziggurat
 49521 | Zig:2    | Noticed Xyzyus the pandemonium lord
 49541 | Zig:2    | Killed Xyzyus the pandemonium lord
 49663 | Zig:3    | Entered Level 3 of a ziggurat
 49713 | Zig:4    | Entered Level 4 of a ziggurat
 49784 | Zig:5    | Entered Level 5 of a ziggurat
 49837 | Zig:5    | Identified the Compendium of Confrontation
 49859 | Zig:6    | Entered Level 6 of a ziggurat
 49929 | Zig:7    | Entered Level 7 of a ziggurat
 49936 | Zig:7    | Noticed Sulaat the pandemonium lord
 49957 | Zig:7    | Killed Sulaat the pandemonium lord
 49962 | Zig:7    | Received a gift from Okawaru
 50028 | Zig:8    | Entered Level 8 of a ziggurat
 50109 | Zig:8    | Identified the +7 ice dragon scales of Gotoaf {*Contam rElec rPois rF- rC++ Slay-2 Stlth+} (You found it on level 8 of a ziggurat)
 50116 | Zig:8    | Identified the Handbook of Supportive Enhancements
 50250 | Zig:9    | Entered Level 9 of a ziggurat
 50304 | Zig:9    | Noticed a shard shrike
 50327 | Zig:9    | Killed a shard shrike
 50402 | Zig:9    | Lost mutation: Armour fits poorly on your strangely shaped body. [potion of mutation]
 50402 | Zig:9    | Lost mutation: Your magical capacity is low. (-10% MP) [potion of mutation]
 50402 | Zig:9    | Lost mutation: Your movements are slightly less encumbered by armour. (ER -2) [potion of mutation]
 50402 | Zig:9    | Gained mutation: You have sharp fingernails. [potion of mutation]
 50402 | Zig:9    | Gained mutation: You have sharp toenails. [potion of mutation]
 50419 | Zig:10   | Entered Level 10 of a ziggurat
 50508 | Zig:10   | Lost mutation: You expend magic power (3 MP) to strengthen your wands. [potion of mutation]
 50508 | Zig:10   | Lost mutation: You are frail. (-10% HP) [potion of mutation]
 50508 | Zig:10   | Gained mutation: You tend to lose your temper in combat. [potion of mutation]
 50508 | Zig:10   | Gained mutation: You do not regenerate when monsters are visible. [potion of mutation]
 50508 | Zig:10   | Gained mutation: Your mind is acute. (Int +2) [potion of mutation]
 50508 | Zig:10   | Gained mutation: Your muscles are strong. (Str +2) [potion of mutation]
 50515 | Zig:10   | Identified Voshux's Tome of Enchanting Snow
 50540 | Zig:11   | Entered Level 11 of a ziggurat
 50713 | Zig:11   | Lost mutation: Your body sometimes deteriorates upon taking damage. [potion of mutation]
 50713 | Zig:11   | Lost mutation: Your mind is acute. (Int +2) [potion of mutation]
 50713 | Zig:11   | Lost mutation: You tend to lose your temper in combat. [potion of mutation]
 50713 | Zig:11   | Gained mutation: Armour fits poorly on your strangely shaped body. [potion of mutation]
 50713 | Zig:11   | Gained mutation: You tend to lose your temper in combat. [potion of mutation]
 50713 | Zig:11   | Gained mutation: You are agile. (Dex +2) [potion of mutation]
 50715 | Zig:11   | Lost mutation: Armour fits poorly on your strangely shaped body. [potion of mutation]
 50715 | Zig:11   | Lost mutation: Your muscles are strong. (Str +2) [potion of mutation]
 50715 | Zig:11   | Lost mutation: You are agile. (Dex +2) [potion of mutation]
 50715 | Zig:11   | Gained mutation: Your body sometimes deteriorates upon taking damage. [potion of mutation]
 50715 | Zig:11   | Gained mutation: You are occasionally teleported next to monsters. [potion of mutation]
 50715 | Zig:11   | Gained mutation: Your movements are slightly less encumbered by armour. (ER -2) [potion of mutation]
 50715 | Zig:11   | Gained mutation: You have supernaturally acute eyesight. (SInv) [potion of mutation]
 51238 | Depths:3 | Noticed Mennas
 51272 | Depths:3 | Killed Mennas
 51417 | Depths:3 | Reached XP level 27. HP: 262/273 MP: 34/34
 51717 | Depths:3 | Gained mutation: You occasionally shout uncontrollably at your foes. [a cacodemon]
 51728 | Depths:3 | Lost mutation: You have sharp toenails. [a cacodemon]
 51894 | Depths:3 | Noticed Boris
 51909 | Depths:3 | Received a gift from Okawaru
 51913 | Depths:3 | Killed Boris
 51974 | Depths:3 | Got a pitted turquoise ring
 51975 | Depths:3 | Identified the ring "Teiriu" {*Contam rF+ rC++ EV+3} (You found it on level 3 of the Depths)
 52126 | Depths:4 | Found a magical portal.
 52195 | WizLab   | Entered Iskenderun's Mystic Tower
 52654 | WizLab   | Received a gift from Okawaru
 52658 | WizLab   | Identified the Papyrus of the Escort and the Blaze
 52658 | WizLab   | Identified the Disquisition on Flames and Bewitchment
 52662 | WizLab   | Identified the +0 war axe "Ygewac" {freeze, rN+ Stlth+} (Okawaru gifted it to you in a wizard's laboratory)
 52708 | WizLab   | Identified Iskenderun's Guide on Blows and Bruises
 52708 | WizLab   | Identified Iskenderun's Reference Book on Combat Magic
 53298 | Depths:4 | Lost mutation: Your body sometimes deteriorates upon taking damage. [potion of mutation]
 53298 | Depths:4 | Lost mutation: You tend to lose your temper in combat. [potion of mutation]
 53298 | Depths:4 | Lost mutation: Your movements are slightly less encumbered by armour. (ER -2) [potion of mutation]
 53298 | Depths:4 | Lost mutation: You have supernaturally acute eyesight. (SInv) [potion of mutation]
 53298 | Depths:4 | Gained mutation: Your spells are a little easier to cast, but a little less powerful. [potion of mutation]
 53298 | Depths:4 | Lost mutation: You occasionally shout uncontrollably at your foes. [potion of mutation]
 53298 | Depths:4 | Gained mutation: Your movements are slightly less encumbered by armour. (ER -2) [potion of mutation]
 53597 | Depths:4 | Noticed Jory
 53624 | Depths:4 | Killed Jory
 53834 | Depths:4 | Received a gift from Okawaru
 53982 | Depths:5 | Entered Level 5 of the Depths
 54875 | Depths:5 | Found a gate to the Realm of Zot.
 54927 | Depths:5 | Found Xifuep's Gadget Emporium.
 54929 | Depths:5 | Found Kozoq's Jewellery Shop.
 54930 | Depths:5 | Found Heniaf's Gadget Emporium.
 54938 | Depths:5 | Bought a +1 ring of protection for 54 gold pieces
 55309 | Lair:1   | Upgraded the game from 0.21.1 to 0.21.1-1-g345015fe64
 55320 | Lair:1   | Gained mutation: You tend to lose your temper in combat. [mutagenic glow]
 55451 | Slime:1  | Entered Level 1 of the Pits of Slime
 55559 | Slime:1  | Gained mutation: Your magical capacity is low. (-10% MP) [a shining eye]
 55618 | Slime:3  | Received a gift from Okawaru
 55618 | Slime:3  | Gained mutation: Your magical capacity is very low. (-20% MP) [a shining eye]
 55755 | Slime:5  | Entered Level 5 of the Pits of Slime
 55760 | Slime:5  | Gained mutation: Your spells are easier to cast, but less powerful. [a shining eye]
 55773 | Slime:5  | Noticed the Royal Jelly
 55796 | Slime:5  | Killed the Royal Jelly
 56271 | Slime:5  | Found the +2 hat of the Bear Spirit {Spirit, +Rage rN+ MR++}
 56319 | Slime:5  | Got a heavily runed amber ring
 56375 | Slime:5  | Got a twitching platinum ring
 56454 | Slime:5  | Got a slimy rune of Zot
 56688 | Lair:1   | Identified the ring of Guynum {rPois Dex+7 Stlth+} (You found it on level 5 of the Pits of Slime)
 56689 | Lair:1   | Identified the ring of Imox {Fire Str+2} (You found it on level 5 of the Pits of Slime)
 56836 | Crypt:1  | Entered Level 1 of the Crypt
 57045 | Crypt:1  | Received a gift from Okawaru
 58529 | Crypt:3  | Entered Level 3 of the Crypt
 58536 | Crypt:3  | Found a staircase to the Tomb.
 58699 | Crypt:3  | Found an ancient bone altar of Kikubaaqudgha.
 58895 | Crypt:3  | Noticed an ancient lich
 58909 | Crypt:3  | Killed an ancient lich
 58909 | Crypt:3  | Received a gift from Okawaru
 58922 | Crypt:3  | Found a basalt altar of Yredelemnul.
 59044 | Crypt:3  | Got a flickering tin ring
 59175 | Crypt:3  | Identified the ring of Tame {rC+ rN+ MR+} (You took it off a skeletal warrior on level 3 of the Crypt)
 59178 | Crypt:3  | Got a transparent platinum ring
 59179 | Crypt:3  | Identified the ring "Fegof" {rN+ Str+5 Dex+2} (You found it on level 3 of the Crypt)
 59287 | Crypt:3  | Noticed Khufu
 59308 | Crypt:3  | Killed Khufu
 59648 | Crypt:3  | Reached skill level 27 in Armour
 60179 | Hell     | Entered the Vestibule of Hell
 60179 | Hell     | Noticed Geryon
 60222 | Hell     | Killed Geryon
 60249 | Hell     | Noticed Murray
 60382 | Hell     | Killed Murray
 60429 | Hell     | Found a gateway to the Iron City of Dis.
 60436 | Hell     | Received a gift from Okawaru
 60590 | Hell     | Found a gateway to the freezing wastes of Cocytus.
 60685 | Hell     | Found a gateway to the decaying netherworld of Tartarus.
 60715 | Hell     | Found a gateway to the ashen valley of Gehenna.
 60898 | Coc:1    | Entered Level 1 of Cocytus
 61368 | Pan      | Entered Pandemonium
 61422 | Pan      | Gained mutation: Scrolls take you a little longer to read. [a neqoxec]
 61423 | Pan      | Gained mutation: Armour fits poorly on your strangely shaped body. [a neqoxec]
 61432 | Pan      | Gained mutation: Your system is resistant to poisons. (rPois) [a neqoxec]
 61440 | Pan      | Lost mutation: Scrolls take you a little longer to read. [potion of mutation]
 61440 | Pan      | Gained mutation: Your flesh is cold resistant. (rC+) [potion of mutation]
 61688 | Pan      | Found an exit through the horrors of the Abyss.
 61759 | Pan      | Received a gift from Okawaru
 61855 | Pan      | Reached skill level 27 in Shields
 61863 | Pan      | Noticed Ugatea Durui the pandemonium lord
 61866 | Pan      | Gained mutation: You are dopey. (Int -2) [a cacodemon]
 61901 | Pan      | Killed Ugatea Durui the pandemonium lord
 62234 | Pan      | Gained mutation: You are clumsy. (Dex -2) [a cacodemon]
 62236 | Pan      | Gained mutation: You are frail. (-10% HP) [a cacodemon]
 63118 | Pan      | Got a crude lead ring
 63775 | Pan      | Found an exit through the horrors of the Abyss.
 63971 | Pan      | Gained mutation: You expend magic power (3 MP) to strengthen your wands. [a cacodemon]
 63972 | Pan      | Gained mutation: Your body sometimes deteriorates upon taking damage. [a cacodemon]
 63978 | Pan      | Received a gift from Okawaru
 64412 | Pan      | Noticed Yqearyba the pandemonium lord
 64436 | Pan      | Killed Yqearyba the pandemonium lord
 64987 | Pan      | Noticed Jyniz the pandemonium lord
 65498 | Pan      | Killed Jyniz the pandemonium lord
 66283 | Pan      | Gained mutation: Potions are less effective at restoring your health. [a neqoxec]
 66291 | Pan      | Gained mutation: You are weak. (Str -2) [a neqoxec]
 66292 | Pan      | Gained mutation: You are very dopey. (Int -4) [a neqoxec]
 66301 | Pan      | Noticed Plog the pandemonium lord
 66314 | Pan      | HP: 8/191 [Plog the pandemonium lord (23)]
 66333 | Pan      | Killed Plog the pandemonium lord
 66365 | Pan      | HP: 12/245 [burnt (1)]
 66366 | Pan      | HP: 1/245 [balrug/divine providence (9)]
 66372 | Pan      | HP: 12/245 [burnt (1)]
 66372 | Pan      | Slain by a balrug

Skill      XL: |  1  2  3  4  5  6  7  8  9 10 11 12 13 14 15 16 17 18 19 20 21 22 23 24 25 26 27 |
---------------+----------------------------------------------------------------------------------+-----
Axes           | 3 4 7 10 14 17 18 20 22 25 27 | 27.0
Fighting       | 4 5 6 10 12 14 15 19 23 25 26 27 | 27.0
Dodging        | 1 2 3 4 5 6 7 8 |  8.0
Armour         | 4 5 6 10 12 13 14 15 20 23 26 27 | 27.0
Shields        | 4 5 6 10 12 13 14 15 16 27 | 27.0
Invocations    | 6 10 12 13 15 22 | 22.6
Evocations     | 3 7 8 10 12 | 12.0

Action                   |  1- 3 |  4- 6 |  7- 9 | 10-12 | 13-15 | 16-18 | 19-21 | 22-24 | 25-27 || total
-------------------------+-------+-------+-------+-------+-------+-------+-------+-------+-------++-------
Melee: War axe           |   100 |   151 |   395 |   187 |       |    40 |     3 |       |     8 ||   884
       Broad axe         |       |       |       |   295 |  1077 |  1208 |  1445 |  1214 |  4001 ||  9240
       Kick              |       |       |       |    89 |    55 |       |       |       |       ||   144
       Headbutt          |       |       |       |    54 |   247 |   284 |   112 |       |       ||   697
       Demon whip        |       |       |       |       |     6 |       |       |       |       ||     6
       Unarmed           |       |       |       |       |       |       |       |       |    12 ||    12
 Fire: Hunting sling     |    22 |    13 |    45 |    56 |       |       |       |       |       ||   136
Invok: Heroism           |       |       |       |    12 |    25 |    28 |    28 |    13 |    30 ||   136
       Finesse           |       |       |       |       |     2 |     9 |     3 |     4 |    22 ||    40
 Abil: Evoke Flight      |       |       |       |       |     2 |     3 |       |       |       ||     5
       Evoke Blink       |       |       |       |       |       |     1 |       |       |     2 ||     3
       Evoke Berserk Rag |       |       |       |       |       |       |       |       |     5 ||     5
Evoke: Wand              |       |       |       |       |     1 |     4 |     3 |       |     6 ||    14
       Lightning rod     |       |       |       |       |       |     2 |       |       |       ||     2
       Phantom mirror    |       |       |       |       |       |       |     1 |       |       ||     1
       Sack of spiders   |       |       |       |       |       |       |       |       |     1 ||     1
       Lamp of fire      |       |       |       |       |       |       |       |       |     1 ||     1
  Use: Scroll            |     4 |     4 |     5 |     6 |    15 |     9 |    15 |    11 |    38 ||   107
       Potion            |     1 |     4 |     7 |     7 |     5 |    15 |    10 |     7 |    42 ||    98
 Stab: Petrified         |       |       |       |       |     6 |       |       |       |     2 ||     8
       Petrifying        |       |       |       |       |     1 |       |       |       |     1 ||     2
       Distracted        |       |       |       |       |       |     1 |     1 |     2 |     6 ||    10
       Paralysed         |       |       |       |       |       |     1 |       |       |       ||     1
       Sleeping          |       |       |       |       |       |       |     1 |     1 |     2 ||     4
       Invisible         |       |       |       |       |       |       |       |       |     7 ||     7
       Confused          |       |       |       |       |       |       |       |       |     1 ||     1
  Eat: Chunk             |     1 |     4 |    10 |    10 |    18 |    14 |    21 |    13 |    19 ||   110
       Ration            |       |       |     2 |     4 |     4 |     3 |     3 |     3 |    16 ||    35
Armor: Scale mail        |    70 |    58 |    29 |   121 |   228 |   240 |    98 |       |       ||   844
       Skin              |       |    19 |       |       |       |       |       |       |       ||    19
       Plate armour      |       |       |   137 |       |       |       |       |       |       ||   137
       Pearl dragon scal |       |       |       |       |       |       |   291 |   272 |   475 ||  1038
       Gold dragon scale |       |       |       |       |       |       |       |       |   628 ||   628
Dodge: Dodged            |    47 |    43 |    76 |    96 |   211 |   271 |   425 |   286 |  1074 ||  2529
Block: Shield            |    65 |    94 |   174 |   137 |       |       |       |       |       ||   470
       Large shield      |       |       |       |    74 |   699 |   899 |  1315 |   931 |  3709 ||  7627
